 Dungeon Crawl Stone Soup version 0.25.0-9-g26727b657a (console) character file.

Game seed: 12594964550698091491

105 Kagalorn the Sneak (level 4, -4/45 HPs)
             Began as a Vampire Air Elementalist on June 19, 2020.
             Was an Initiate of Gozag.
             Slain by Purgy (6 damage)
             ... in a sewer.
             The game lasted 00:08:30 (2475 turns).

Kagalorn the Sneak (Vampire Air Elementalist)       Turns: 2475, Time: 00:08:30

Health: -4/45      AC:  2    Str:  8    XL:     4   Next: 54%
Magic:  7/7        EV: 12    Int: 17    God:    Gozag
Gold:   186        SH:  0    Dex: 14    Spells: 6/7 levels left

rFire    + . .     SeeInvis +   a - +0 dagger
rCold    . . .     Gourm    .   (no shield)
rNeg     . . .     Faith    .   b - +0 robe
rPois    .         Spirit   .   (no helmet)
rElec    .         Reflect  .   (no cloak)
rCorr    .         Harm     .   (no gloves)
MR       .....                  (no boots)
Stlth    ..........             (no amulet)
HPRegen  0.35/turn              l - ring of protection from fire
MPRegen  0.10/turn              (no ring)

@: berserking (expiring), regenerating quickly, very quick
A: no food, fangs 3, see invisible, unbreathing
a: Exsanguinate, Potion Petition, Call Merchant, Bribe Branch, Renounce Religion


You were in a sewer.
You worshipped Gozag.
Gozag was aware of your devotion.
You were alive.

You visited 1 branch of the dungeon, and saw 3 of its levels.
You also visited: Sewer.

You collected 213 gold pieces.
You paid 27 gold pieces to Gozag.

Inventory:

Hand Weapons
 a - a +0 dagger (weapon)
Missiles
 c - 11 poisoned darts (quivered)
 f - 2 silver javelins
Armour
 b - a +0 robe (worn)
Jewellery
 l - a ring of protection from fire (left hand)
Scrolls
 e - a scroll of remove curse {unknown}
 g - a scroll of amnesia {unknown}
 j - a scroll of fear
Potions
 i - a potion of heal wounds
 k - a potion of mutation


   Skills:
 - Level 2.1 Dodging
 * Level 4.8 Stealth
 + Level 2.3 Spellcasting
 * Level 1.7 Conjurations
 * Level 3.9 Air Magic


You had 6 spell levels left.
You knew the following spells:

 Your Spells              Type           Power        Failure   Level  Hunger
a - Shock                 Conj/Air       ##..         6%          1    N/A

Your spell library contained the following spells:

 Spells                   Type           Power        Failure   Level  Hunger
 Swiftness                Chrm/Air       #.......     13%         2    N/A
 Static Discharge         Conj/Air       ##......     19%         3    N/A
 Airstrike                Air            ###.......   36%         4    N/A
 Lightning Bolt           Conj/Air       ##........   86%         5    N/A

Dungeon Overview and Level Annotations

Branches:
Dungeon (3/15)              Sewer (1/1)

Altars:
Gozag
Kikubaaqudgha
Ru
Vehumet
Yredelemnul

Annotations:
Sewer Purgy


Innate Abilities, Weirdness & Mutations

You do not eat.
Your natural rate of healing is unusually fast.
You have razor-sharp teeth.
You have supernaturally acute eyesight. (SInv)
You can survive without breathing.


Message History

Purgy closely misses you.
You barely miss Purgy.
Purgy is heavily wounded.
You barely miss Purgy. You bite Purgy.
Purgy is severely wounded.
Purgy looks more healthy.
Purgy closely misses you. Purgy claws you.
* * * LOW HITPOINT WARNING * * *
Purgy misses you.
You closely miss Purgy.
Purgy is severely wounded.
Purgy bites you but does no damage. Purgy claws you.
* * * LOW HITPOINT WARNING * * *
Purgy claws you but does no damage.
You puncture Purgy!
Purgy is almost dead.
You barely miss Purgy. Your bite misses Purgy.
Purgy is almost dead.
Purgy bites you.
You die...
Your body crumbles into a pile of gold.

#.≈≈≈≈≈.# #..≈≈≈..#
#...≈...# ##.....##
##...## ##.## #.#
#.# #@# #T# $ . #.#
$
....####.###########
.((((((........!∩..#
$
....################
$ .


You could see Purgy.

Vanquished Creatures
  2 adders (D:3)
  4 worms
  A dart slug (D:1)
  A leopard gecko (D:1)
  6 giant cockroaches
  A goblin (D:1)
  10 hobgoblins
  8 jackals
  7 kobolds
  A ball python (D:1)
  15 bats
  4 frilled lizards
  8 rats
68 creatures vanquished.

Notes
Turn   | Place    | Note
-------+----------+-------------------------------------------
     0 | D:1      | Kagalorn the Vampire Air Elementalist began the quest for
                  | the Orb.
     0 | D:1      | Reached XP level 1. HP: 13/13 MP: 3/3
   138 | D:1      | Reached skill level 1 in Conjurations
   138 | D:1      | Reached XP level 2. HP: 17/19 MP: 0/5
   937 | D:1      | Reached XP level 3. HP: 24/24 MP: 6/6
  1106 | D:1      | Reached skill level 4 in Stealth
  1731 | D:2      | Found a sacrificial altar of Ru.
  2062 | D:2      | Found a radiant altar of Vehumet.
  2065 | D:2      | Found an opulent altar of Gozag.
  2072 | D:2      | Became a worshipper of Gozag Ym Sagoz the Greedy
  2078 | D:2      | Found a basalt altar of Yredelemnul.
  2083 | D:2      | Found an ancient bone altar of Kikubaaqudgha.
  2151 | D:3      | Found a glowing drain.
  2188 | D:3      | Reached XP level 4. HP: 15/30 MP: 1/7
  2347 | Sewer    | Entered a sewer
  2417 | Sewer    | Noticed Purgy
  2472 | Sewer    | HP: 2/45 [Purgy (1)]
  2475 | Sewer    | Slain by Purgy

Illustrated notes

Levels and vault maps discovered:
D:1:      erik_arrival_orb_chamber, layout_basic, minmay_tall_x
D:2:      layout_rooms, grunt_temple_overflow_cloverleaf,
          nicolae_overflow_crystal_walls, dk_noncrumbling_4, minmay_pentomino_x2
D:3:      layout_loops_cross, overflow_temple_1_default, gup_sewer_entry_glass,
          dk_yredelemnul_ordeal
Sewer:    sewer_big_baddie

Skill      XL: |  1  2  3 |
---------------+----------+-----
Conjurations   | 1 |  1.7
Stealth        | 4 |  4.8
Dodging        | |  2.1
Spellcasting   | |  2.3
Air Magic      | |  3.9

Action                   |  1- 3 |  4- 6 || total
-------------------------+-------+-------++-------
Melee: Unarmed           |     8 |       ||     8
       Bite              |     6 |     6 ||    12
       Dagger            |    92 |    47 ||   139
Throw: Dart              |    22 |    10 ||    32
 Cast: Shock             |    80 |    16 ||    96
  Use: Scroll            |       |     4 ||     4
       Potion            |       |     1 ||     1
 Stab: Sleeping          |     6 |       ||     6
Armor: Robe              |    25 |    36 ||    61
Dodge: Dodged            |    80 |    84 ||   164
